 Dungeon Crawl Stone Soup version 0.28-a0-1387-g3a22ab9bdc (webtiles) character file.

Game seed: 14988821072542907932

74 browni3141 the Chopper (level 4, -3/37 HPs)
             Began as a Palentonga Berserker on Jan 2, 2022.
             Was a Believer of Trog.
             Slain by an orc (8 damage)
             ... on level 3 of the Dungeon on Jan 3, 2022.
             The game lasted 00:03:25 (1299 turns).

browni3141 the Chopper (Palentonga Berserker)       Turns: 1299, Time: 00:03:26

Health: -3/37      AC:  5    Str: 21    XL:     4   Next: 10%
Magic:  4/4        EV:  9    Int: 11    God:    Trog [**....]
Gold:   74         SH:  0    Dex: 11    Spells: 3/3 levels left

rFire   . . .      SeeInvis +   a - +0 hand axe
rCold   . . .      Faith    .   (no shield)
rNeg    . . .      Spirit   .   i - +1 leather armour of Kyulant {Int+4}
rPois   .          Reflect  .   (no helmet)
rElec   .          Harm     .   (no cloak)
rCorr   .          Rampage  .   (no gloves)
Will    .....                   (no barding)
Stlth   +.........              (no amulet)
HPRegen 0.12/turn               (no ring)
MPRegen 0.09/turn               (no ring)

@: on berserk cooldown, slowed, very slow
A: large, rugged brown scales 3, see invisible, deformed body, roll 1, armoured
tail
a: Rolling Charge, Renounce Religion, Berserk, Trog's Hand


You were on level 3 of the Dungeon.
You worshipped Trog.
Trog was pleased with you.
You visited 1 branch of the dungeon, and saw 3 of its levels.

You collected 74 gold pieces.

Inventory:

Hand Weapons
 a - a +0 hand axe (weapon)
Armour
 b - a +0 animal skin
 i - the +1 leather armour of Kyulant (worn) {Int+4}
   (You found it on level 2 of the Dungeon)

   Int:       It affects your intelligence (+4).
Jewellery
 o - a ring of positive energy
Wands
 j - a wand of flame (23)
 k - a wand of acid (7)
Scrolls
 c - a scroll of vulnerability {unknown}
 d - a scroll of silence {unknown}
 e - a scroll of identify {unknown}
 l - a scroll of enchant armour {unknown}
Potions
 f - a potion of heal wounds {unknown}
 g - a potion of curing {unknown}
 h - a potion of magic {unknown}
 m - a potion of brilliance {unknown}
 n - 2 potions of lignification {unknown}
 p - a potion of flight {unknown}


   Skills:
 - Level 3.0 Fighting
 * Level 4.8 Axes
 - Level 1.5 Armour
 - Level 1.5 Dodging
 * Level 0.9 Evocations


You had 3 spell levels left.
You didn't know any spells.
Your spell library was empty.

Dungeon Overview and Level Annotations

Branches:
Dungeon (3/15)

Altars:
Nemelex Xobeh

Annotations:
D:2 Robin, Sigmund
D:3 1 transporter


Innate Abilities, Weirdness & Mutations

You are completely covered in rugged brown scales. (AC +3, +7% HP)
You have supernaturally acute eyesight. (SInv)
Armour fits poorly on your strangely shaped body.
You can roll at nearby foes to attack.
You have a long armoured tail.


Message History

You feel yourself moving faster!
You feel mighty! The orc hits you with a +0 war axe.
The orc hits you from afar with a +3 trident.
You slash the orc!
You kill the orc!
Trog accepts your kill.
You closely miss the orc. The orc closely misses you.
The orc throws a boomerang of dispersal.
The boomerang of dispersal barely misses you.
Unknown command.
You closely miss the orc. You closely miss the kobold.
The orc closely misses you. The kobold hits you with a +0 whip.
Unknown command.
You slash the orc!
You kill the orc!
Trog accepts your kill.
You closely miss the kobold.
The orc throws a boomerang of dispersal.
The boomerang of dispersal hits you.
You blink.
Unknown command.
The orc throws a boomerang of dispersal.
The boomerang of dispersal hits you!
You blink.
You feel a strong urge to attack something.
You feel your anger nearly subside.
You are no longer berserk.
You are exhausted.
You feel yourself slow down. The kobold hits you with a +0 whip.
You closely miss the kobold. The kobold hits you with a +0 whip.
The orc hits you but does no damage.
The orc hits you from afar with a +3 trident.
The kobold closely misses you. The kobold hits you but does no damage.
The kobold hits you with a +0 whip.
* * * LOW HITPOINT WARNING * * *
The kobold hits you with a +0 whip.
* * * LOW HITPOINT WARNING * * *
The kobold barely misses you. The kobold hits you but does no damage.
The kobold barely misses you.
The orc hits you from afar with a +3 trident!
You die...

####### ###
#.....#### #..
##........# #.#
#...P._.P.# #.#
#<#.......# #.#
#.###.##### #.# #.#
#.##########.#
##@###.............
#.K.########.####.#
#...o# #.# #.#
#....# #.# #.#
####.# #.# #.# #.#
#.# #.# #.# #.# #..
#.# #.# ##. #.# #.#
#.


You could see an orc and a kobold.

Vanquished Creatures
  3 adders (D:2)
  A worm (D:2)
  3 dart slugs
  3 orcs (D:3)
  An endoplasm (D:1)
  2 giant cockroaches
  2 goblins
  5 hobgoblins
  3 ball pythons
  6 bats
  3 frilled lizards (D:1)
  3 kobolds
  3 rats
38 creatures vanquished.

Notes
Turn   | Place    | Note
-------+----------+-------------------------------------------
     0 | D:1      | browni3141 the Palentonga Berserker began the quest for the
                  | Orb.
     0 | D:1      | Reached XP level 1. HP: 19/19 MP: 1/1
    59 | D:1      | Reached XP level 2. HP: 25/25 MP: 2/2
   586 | D:2      | Reached skill level 4 in Axes
   586 | D:2      | Reached XP level 3. HP: 29/31 MP: 3/3
   600 | D:2      | Noticed Sigmund
   844 | D:2      | Identified the +1 leather armour of Kyulant {Int+4}
   868 | D:2      | Reached ** piety under Trog
   910 | D:2      | Noticed Robin
  1046 | D:2      | Found a faded altar of an unknown god.
  1195 | D:3      | Reached XP level 4. HP: 37/37 MP: 4/4
  1204 | D:3      | Found a transporter.
  1248 | D:3      | Found a sparkling altar of Nemelex Xobeh.
  1299 | D:3      | Slain by an orc

Illustrated notes

Levels and vault maps discovered:
D:1:      dpeg_arrival_rooms_b, layout_rooms
D:2:      layout_basic, hellmonk_ecumenical_altar_run_dry, minmay_cupped,
          uniq_robin, uniq_sigmund
D:3:      gammafunk_steamed_eel, layout_loops_ring,
          mainiacjoe_overflow_tiny_flanked

Skill      XL: |  1  2 |
---------------+-------+-----
Axes           | 4 |  4.8
Fighting       | |  3.0
Armour         | |  1.5
Dodging        | |  1.5
Evocations     | |  0.9

Action                   |  1- 3 |  4- 6 || total
-------------------------+-------+-------++-------
Melee: Hand axe          |    75 |     5 ||    80
       Tailslap          |     7 |       ||     7
Invok: Berserk           |     4 |     1 ||     5
 Abil: Rolling Charge    |    24 |     1 ||    25
Armor: Animal skin       |    15 |       ||    15
       Leather armour    |    11 |     4 ||    15
Dodge: Dodged            |    24 |     6 ||    30

Table legend: (Time is in decaauts)
 A = Elapsed time spent in this place.
 B = Non-inter-level travel time spent in this place.
 C = Inter-level travel time spent in this place.
 D = Time resting spent in this place.
 E = Time spent auto-exploring this place.
 F = Levels seen in this place.
 G = Mean time per level.
                   A        B        C        D        E       F      G
               +--------+--------+--------+--------+--------+-----+--------+
         Total |   1360 |   1325 |     35 |    436 |    531 |   3 |  453.3 |
       Dungeon |   1360 |   1325 |     35 |    436 |    531 |   3 |  453.3 |
               +--------+--------+--------+--------+--------+-----+--------+

Top non-repeatable levels by time:
     D:1: 872 daAuts
     D:2: 337 daAuts
     D:3: 150 daAuts
